 Dungeon Crawl Stone Soup version 0.29.0-4-gdea44cf6ec (webtiles) character file.

Game seed: 6276696600411027856

13148 qw the Severer (level 11, 0/97 HPs)
             Began as a Minotaur Fighter on Sept 5, 2022.
             Slain by an eight-headed hydra (6 damage)
             ... on level 11 of the Dungeon.
             The game lasted 00:05:01 (8770 turns).

qw the Severer (Minotaur Fighter)                   Turns: 8770, Time: 00:05:01

Health: 0/97       AC: 19    Str: 26    XL:     11   Next: 71%
Magic:  10/10      EV:  8    Int:  3    God:
Gold:   743        SH: 16    Dex: 18    Spells: 10/10 levels left

rFire   . . .      SeeInvis .   p - +0 flail
rCold   . . .      Faith    .   e - +0 kite shield
rNeg    . . .      Spirit   .   q - +0 plate armour
rPois   .          Reflect  .   j - +2 hat
rElec   .          Harm     .   (no cloak)
rCorr   .          Rampage  .   h - +1 pair of gloves {Str+3}
Will    +....                   i - +0 pair of boots
Stlth   ..........              k - amulet of regeneration
HPRegen 1.06/turn               a - +4 ring of slaying {mikee}
MPRegen 0.12/turn               l - ring of willpower

@: about to teleport
A: horns 2, retaliatory headbutt, large bone plates 1, agile 2, noise
suppression
a: no special abilities


You were on level 11 of the Dungeon.
You visited 1 branch of the dungeon, and saw 11 of its levels.

You collected 743 gold pieces.


Innate Abilities, Weirdness & Mutations

You have a pair of horns on your head.
You reflexively headbutt those who attack you in melee.
You are partially covered in large bone plates. (SH +4)
You are very agile. (Dex +8, Str/Int -2)
You passively dampen the noise of your surroundings.


   Skills:
 - Level 9.2 Fighting
 + Level 15.7 Axes
 - Level 4.2 Throwing
 - Level 8.5 Armour
 - Level 4.2 Dodging
 - Level 10.0 Shields


You had 10 spell levels left.
You didn't know any spells.
Your spell library was empty.

Inventory:

Hand Weapons
 p - a +0 flail (weapon)
 Y - a +0 war axe
Missiles
 f - 13 boomerangs
 t - 4 silver javelins (quivered)
Armour
 e - a +0 kite shield (worn)
 h - a +1 pair of gloves of strength (worn)
 i - a +0 pair of boots (worn)
 j - a +2 hat (worn)
 q - a +0 plate armour (worn)
 u - +0 fire dragon scales
Jewellery
 a - a +4 ring of slaying (left hand) {mikee}
 k - an amulet of regeneration (around neck)
 l - a ring of willpower (right hand)
 o - a ring of resist corrosion
 r - a ring of wizardry
Scrolls
 n - a scroll of identify
 s - a scroll of teleportation
Potions
 b - 2 potions of cancellation
 c - 3 potions of heal wounds
 d - 3 potions of might
 g - a potion of mutation
 m - 2 potions of curing

Dungeon Overview and Level Annotations

Branches:
Dungeon (11/15)            Temple (0/1) D:5            Lair (0/5) D:8
    Orc (0/2) D:9

Altars:
Nemelex Xobeh
Okawaru
Uskayaw
Vehumet
Wu Jian

Shops:
D:9 [

Annotations:
D:10 3 runed translucent doors, Veunoc's ghost, journeyman TeWr


Message History

The eight-headed hydra bites you!
The eight-headed hydra bites you but does no damage.
You block the eight-headed hydra's attack.
The eight-headed hydra closely misses you.
The eight-headed hydra completely misses you.
You completely miss the eight-headed hydra.
The eight-headed hydra is moderately wounded.
The eight-headed hydra bites you. The eight-headed hydra bites you!
The eight-headed hydra bites you but does no damage.
You block the eight-headed hydra's attack. x3
The eight-headed hydra bites you but does no damage.
You block the eight-headed hydra's attack.
You bludgeon the eight-headed hydra!! You headbutt the eight-headed hydra!
The eight-headed hydra is severely wounded.
The eight-headed hydra bites you but does no damage. x4
You block the eight-headed hydra's attack.
The eight-headed hydra bites you but does no damage. x2
The eight-headed hydra misses you.
You hit the eight-headed hydra.
The eight-headed hydra is severely wounded.
You block the eight-headed hydra's attack.
The eight-headed hydra bites you! x2
The eight-headed hydra bites you but does no damage.
The eight-headed hydra closely misses you.
The eight-headed hydra bites you but does no damage. x2
The eight-headed hydra bites you!
You barely miss the eight-headed hydra. You headbutt the eight-headed hydra!
The eight-headed hydra is almost dead.
You block the eight-headed hydra's attack.
The eight-headed hydra bites you!
The eight-headed hydra bites you but does no damage.
The eight-headed hydra bites you.
The eight-headed hydra barely misses you.
The eight-headed hydra bites you but does no damage. x2
The eight-headed hydra closely misses you.
8770 ||| READING 2 scrolls of teleportation.
As you read the scroll of teleportation, it crumbles to dust.
You feel strangely unstable. The eight-headed hydra bites you!
The eight-headed hydra bites you.
You die...

.....#
+......<+
.....#
#.......#
.....+
#.......#
.....#
#.......#
######
#.......#
...#
#.......#
##.#
######'##
##'## #..#
....# ##@#
....#
..>.....D..#
....+
...........+
....#
...........#
....#
..........(#
....#
...........#
....#
...........#
#####
...........#


You could see an eight-headed hydra.

Vanquished Creatures
  A boulder beetle (D:11)
  4 two-headed ogres
  A manticore (D:10)
  A kobold demonologist (D:10)
  A hornet (D:10)
  Prince Ribbit (D:6)
  Sigmund (D:3)
  A shadow (D:10)
  2 wraiths
  A vampire (D:10)
  A wyvern (D:9)
  Eustachio (D:6)
  6 yaks
  5 steam dragons
  3 vampire mosquitoes (D:10)
  Edmund (D:6)
  4 water moccasins
  An acid dragon (D:10)
  2 floating eyes (D:10)
  Duvessa (D:6)
  2 sky beasts (D:6)
  6 orc warriors
  An ice beast (D:7)
  2 black bears (D:8)
  3 ogres
  5 centaurs
  2 phantoms (D:6)
  Blork the orc (D:4)
  4 kobold brigands
  A gnoll sergeant (D:10)
  3 necrophages (D:7)
  6 scorpions
  8 bullfrogs
  6 wights
  Dowan (D:6)
  9 killer bees
  7 howler monkeys
  2 jellies
  A gnoll bouda (D:9)
  8 orc priests
  A hound (D:6)
  Ijyb (D:3)
  Terence (D:2)
  4 iguanas
  9 orc wizards
  6 gnolls
  10 adders
  2 white imps
  4 worms
  41 orcs
  5 endoplasms
  5 giant cockroaches
  10 goblins
  8 hobgoblins
  8 jackals (D:5)
  28 kobolds
  2 quokkas
  7 ball pythons
  4 bats
  5 frilled lizards
  10 rats
288 creatures vanquished.

Vanquished Creatures (others)
  An orc priest (D:9)
  14 fungi (D:8)
  21 plants
36 creatures vanquished.

Grand Total: 324 creatures vanquished

Notes
Turn   | Place    | Note
-------+----------+-------------------------------------------
     0 | D:1      | qw the Minotaur Fighter began the quest for the Orb.
     0 | D:1      | Reached XP level 1. HP: 19/19 MP: 0/0
     0 | D:1      | 0 ||| qw: Version: 0.1-a-104-g96f76f8
     0 | D:1      | 0 ||| qw: Game counter: 5790
     0 | D:1      | 0 ||| qw: Always use a shield: true
     0 | D:1      | 0 ||| qw: God list: Ru
     0 | D:1      | 0 ||| qw: Allow faded altars: false
     0 | D:1      | 0 ||| qw: Do Orc after D:15 true
     0 | D:1      | 0 ||| qw: Do second Lair branch before Depths: true
     0 | D:1      | 0 ||| qw: Lair rune preference: random
     0 | D:1      | 0 ||| qw: Plans: Normal
     0 | D:1      | 0 ||| PLANNING D:1-11
   118 | D:1      | 118 ||| Stepping ~*~*~tactically~*~*~ (stealth).
   124 | D:1      | 124 ||| Stepping ~*~*~tactically~*~*~ (stealth).
   129 | D:1      | 129 ||| Stepping ~*~*~tactically~*~*~ (stealth).
   130 | D:1      | 130 ||| Stepping ~*~*~tactically~*~*~ (stealth).
   132 | D:1      | 132 ||| Stepping ~*~*~tactically~*~*~ (stealth).
   139 | D:1      | Reached skill level 3 in Axes
   240 | D:1      | Reached XP level 2. HP: 26/26 MP: 1/1
   610 | D:1      | Reached skill level 4 in Axes
   622 | D:1      | 622 ||| Stepping ~*~*~tactically~*~*~ (stealth).
   689 | D:1      | 689 ||| Stepping ~*~*~tactically~*~*~ (stealth).
   905 | D:1      | 905 ||| UPGRADING to +0 kite shield.
   915 | D:1      | 915 ||| DROPPING +0 buckler.
   916 | D:1      | 916 ||| UPGRADING to +0 chain mail.
   926 | D:1      | 926 ||| DROPPING +0 scale mail.
   927 | D:1      | 927 ||| READING 3 scrolls labelled EPI GERHOLODIE.
   928 | D:1      | 928 ||| READING scroll labelled JIAGEA FEIZUAS.
   929 | D:1      | 929 ||| DRINKING 2 fizzy pink potions.
   929 | D:1      | Gained mutation: You are partially covered in large bone
                  | plates. (SH +4) [potion of mutation]
   929 | D:1      | Gained mutation: You are agile. (Dex +4, Str/Int -1)
                  | [potion of mutation]
   929 | D:1      | Gained mutation: You passively dampen the noise of your
                  | surroundings. [potion of mutation]
   929 | D:1      | Gained mutation: You are very agile. (Dex +8, Str/Int -2)
                  | [potion of mutation]
   930 | D:1      | 930 ||| DROPPING 2 scrolls of fog.
   981 | D:2      | Reached XP level 3. HP: 31/31 MP: 2/2
   996 | D:2      | 996 ||| Stepping ~*~*~tactically~*~*~ (stealth).
   997 | D:2      | 997 ||| Stepping ~*~*~tactically~*~*~ (stealth).
  1058 | D:2      | Reached skill level 1 in Dodging
  1058 | D:2      | Noticed Terence
  1066 | D:2      | Killed Terence
  1067 | D:2      | Reached XP level 4. HP: 39/39 MP: 3/3
  1083 | D:2      | 1083 ||| DROPPING +0 whip.
  1125 | D:2      | Reached skill level 5 in Axes
  1446 | D:2      | 1446 ||| READING scroll labelled WOBBER KEPOD.
  1447 | D:2      | 1447 ||| DRINKING 2 fuming inky potions.
  1448 | D:2      | 1448 ||| DROPPING potion of flight.
  1569 | D:3      | 1569 ||| Stepping ~*~*~tactically~*~*~ (stealth).
  1579 | D:3      | 1579 ||| Stepping ~*~*~tactically~*~*~ (stealth).
  1591 | D:3      | Found a hide-covered altar of Uskayaw.
  1601 | D:3      | Noticed Ijyb
  1625 | D:3      | Killed Ijyb
  1626 | D:3      | Reached XP level 5. HP: 34/45 MP: 4/4
  1736 | D:3      | Reached skill level 6 in Axes
  1736 | D:3      | 1736 ||| FLEEEEING.
  1737 | D:3      | 1737 ||| FLEEEEING.
  1738 | D:3      | 1738 ||| FLEEEEING.
  1739 | D:3      | 1739 ||| FLEEEEING.
  1741 | D:3      | 1741 ||| FLEEEEING.
  1742 | D:3      | 1742 ||| FLEEEEING.
  1743 | D:3      | 1743 ||| FLEEEEING.
  1744 | D:3      | 1744 ||| FLEEEEING.
  1745 | D:3      | 1745 ||| FLEEEEING.
  1746 | D:3      | 1746 ||| FLEEEEING.
  1748 | D:3      | 1748 ||| FLEEEEING.
  1749 | D:3      | 1749 ||| FLEEEEING.
  1750 | D:3      | 1750 ||| FLEEEEING.
  1751 | D:3      | 1751 ||| FLEEEEING.
  1753 | D:3      | 1753 ||| FLEEEEING.
  1754 | D:3      | 1754 ||| FLEEEEING.
  1755 | D:3      | 1755 ||| FLEEEEING.
  1756 | D:3      | 1756 ||| FLEEEEING.
  1757 | D:3      | 1757 ||| FLEEEEING.
  1758 | D:3      | 1758 ||| FLEEEEING.
  1759 | D:3      | 1759 ||| FLEEEEING.
  1760 | D:3      | 1760 ||| FLEEEEING.
  1761 | D:3      | 1761 ||| FLEEEEING.
  1762 | D:3      | 1762 ||| FLEEEEING.
  1763 | D:3      | 1763 ||| FLEEEEING.
  1764 | D:3      | 1764 ||| FLEEEEING.
  1765 | D:3      | 1765 ||| FLEEEEING.
  1766 | D:3      | 1766 ||| FLEEEEING.
  1767 | D:3      | 1767 ||| FLEEEEING.
  1849 | D:3      | 1849 ||| Stepping ~*~*~tactically~*~*~ (stealth).
  1855 | D:3      | 1855 ||| Stepping ~*~*~tactically~*~*~ (stealth).
  1856 | D:3      | 1856 ||| Stepping ~*~*~tactically~*~*~ (stealth).
  1857 | D:3      | 1857 ||| Stepping ~*~*~tactically~*~*~ (stealth).
  1858 | D:3      | 1858 ||| Stepping ~*~*~tactically~*~*~ (stealth).
  1902 | D:3      | 1902 ||| DROPPING +1 mace of holy wrath.
  2232 | D:3      | Noticed Sigmund
  2248 | D:3      | Killed Sigmund
  2249 | D:3      | Reached skill level 6 in Shields
  2249 | D:3      | Reached XP level 6. HP: 32/51 MP: 5/5
  2464 | D:3      | 2464 ||| DROPPING ring of flight.
  2465 | D:3      | 2465 ||| READING scroll labelled FYAGUI LIELEFI.
  2465 | D:3      | Identified a scroll of acquirement
  2465 | D:3      | 2465 ||| ACQUIRING +4 ring of slaying
  2465 | D:3      | Acquired a +4 ring of slaying
  2467 | D:3      | 2467 ||| UPGRADING to +4 ring of slaying {mikee}.
  2468 | D:3      | 2468 ||| READING 2 scrolls labelled IRUJEE DUABB.
  2469 | D:3      | 2469 ||| DRINKING 2 white potions.
  2470 | D:3      | 2470 ||| DROPPING potion of invisibility.
  2494 | D:4      | 2494 ||| PLANNING SEWER
  2498 | D:4      | 2498 ||| STAIRDANCE
  2527 | D:4      | 2527 ||| STAIRDANCE
  2682 | D:4      | Noticed Blork the orc
  2683 | D:4      | 2683 ||| Stepping ~*~*~tactically~*~*~ (hiding).
  2693 | D:4      | Killed Blork the orc
  2694 | D:4      | Reached skill level 7 in Axes
  2945 | D:4      | Reached XP level 7. HP: 60/60 MP: 6/6
  3143 | D:4      | Noticed a steam dragon
  3151 | D:4      | Killed a steam dragon
  3152 | D:4      | Reached skill level 8 in Axes
  3260 | D:4      | 3260 ||| RIP SEWER
  3261 | D:4      | 3261 ||| PLANNING D:1-11
  3468 | D:4      | 3468 ||| READING scroll labelled EDEH BEARUPN.
  3472 | D:4      | 3472 ||| READING scroll labelled GOMIUZXITS.
  3473 | D:4      | 3473 ||| DRINKING 2 lumpy clear potions.
  3474 | D:4      | 3474 ||| DRINKING 2 pink potions.
  3474 | D:4      | Lost intelligence.
  3478 | D:4      | 3478 ||| DROPPING potion of degeneration.
  3490 | D:5      | Entered Level 5 of the Dungeon
  3619 | D:5      | 3619 ||| Stepping ~*~*~tactically~*~*~ (stealth).
  3641 | D:5      | Found a staircase to the Ecumenical Temple.
  3709 | D:5      | Reached skill level 9 in Axes
  3780 | D:5      | 3780 ||| Stepping ~*~*~tactically~*~*~ (hiding).
  3782 | D:5      | 3782 ||| Stepping ~*~*~tactically~*~*~ (hiding).
  3783 | D:5      | 3783 ||| Stepping ~*~*~tactically~*~*~ (hiding).
  3786 | D:5      | Reached XP level 8. HP: 64/68 MP: 7/7
  4041 | D:5      | 4041 ||| Stepping ~*~*~tactically~*~*~ (stealth).
  4142 | D:5      | 4142 ||| Stepping ~*~*~tactically~*~*~ (stealth).
  4220 | D:5      | 4220 ||| READING scroll labelled YNNUID IKLIDWI.
  4221 | D:5      | 4221 ||| READING scroll labelled MOSHRE MEIMN.
  4222 | D:5      | 4222 ||| READING 5 scrolls of identify.
  4222 | D:5      | 4222 ||| IDENTIFYING fizzy yellow potion
  4223 | D:5      | 4223 ||| READING 4 scrolls of identify.
  4223 | D:5      | 4223 ||| IDENTIFYING puce potion
  4224 | D:5      | 4224 ||| READING 3 scrolls of identify.
  4224 | D:5      | 4224 ||| IDENTIFYING coppery potion
  4225 | D:5      | 4225 ||| READING 2 scrolls of identify.
  4225 | D:5      | 4225 ||| IDENTIFYING metallic orange potion
  4226 | D:5      | 4226 ||| DROPPING potion of magic.
  4227 | D:5      | 4227 ||| DROPPING potion of lignification.
  4228 | D:5      | 4228 ||| Stepping randomly (stuck).
  4229 | D:5      | 4229 ||| Stepping randomly (stuck).
  4230 | D:5      | 4230 ||| Stepping ~*~*~tactically~*~*~ (cloud).
  4376 | D:6      | 4376 ||| STAIRDANCE
  4608 | D:6      | 4608 ||| STAIRDANCE
  4614 | D:5      | Reached skill level 10 in Axes
  4650 | D:6      | 4650 ||| STAIRDANCE
  4713 | D:6      | Reached skill level 1 in Throwing
  4739 | D:6      | Noticed Eustachio
  4740 | D:6      | 4740 ||| Stepping ~*~*~tactically~*~*~ (hiding).
  4751 | D:6      | Killed Eustachio
  4752 | D:6      | Reached skill level 6 in Fighting
  4763 | D:6      | Noticed Dowan
  4764 | D:6      | 4764 ||| FLEEEEING.
  4765 | D:6      | 4765 ||| FLEEEEING.
  4766 | D:6      | 4766 ||| FLEEEEING.
  4767 | D:6      | 4767 ||| FLEEEEING.
  4769 | D:6      | 4769 ||| FLEEEEING.
  4770 | D:6      | 4770 ||| FLEEEEING.
  4771 | D:6      | 4771 ||| FLEEEEING.
  4772 | D:6      | 4772 ||| FLEEEEING.
  4773 | D:6      | 4773 ||| FLEEEEING.
  4774 | D:6      | 4774 ||| FLEEEEING.
  4775 | D:6      | 4775 ||| FLEEEEING.
  4777 | D:6      | 4777 ||| FLEEEEING.
  4778 | D:6      | 4778 ||| STAIRDANCE
  4845 | D:5      | 4845 ||| UPGRADING to +2 hat.
  4850 | D:5      | 4850 ||| UPGRADING to amulet of regeneration.
  4855 | D:5      | 4855 ||| READING scroll labelled LES ZONEREUMAT.
  4856 | D:5      | 4856 ||| DRINKING 2 ruby potions.
  4857 | D:5      | 4857 ||| DROPPING potion of brilliance.
  4860 | D:6      | 4860 ||| STAIRDANCE
  4865 | D:6      | 4865 ||| STAIRDANCE
  4874 | D:6      | Killed Dowan
  4875 | D:6      | Reached skill level 3 in Dodging
  4887 | D:6      | Noticed Duvessa
  4896 | D:6      | 4896 ||| Stepping ~*~*~tactically~*~*~ (stealth).
  4900 | D:6      | Killed Duvessa
  4943 | D:6      | 4943 ||| Stepping ~*~*~tactically~*~*~ (stealth).
  4944 | D:6      | 4944 ||| Stepping ~*~*~tactically~*~*~ (stealth).
  4950 | D:6      | Reached skill level 11 in Axes
  4950 | D:6      | Reached XP level 9. HP: 75/75 MP: 8/8
  5003 | D:6      | Noticed Edmund
  5004 | D:6      | 5004 ||| Stepping ~*~*~tactically~*~*~ (hiding).
  5006 | D:6      | 5006 ||| Stepping ~*~*~tactically~*~*~ (hiding).
  5011 | D:6      | 5011 ||| DRINKING potion of curing.
  5011 | D:6      | 5011 ||| (to cure confusion)
  5021 | D:6      | Killed Edmund
  5111 | D:6      | 5111 ||| Stepping ~*~*~tactically~*~*~ (stealth).
  5113 | D:6      | 5113 ||| Stepping ~*~*~tactically~*~*~ (hiding).
  5115 | D:6      | 5115 ||| Stepping ~*~*~tactically~*~*~ (hiding).
  5117 | D:6      | 5117 ||| Stepping ~*~*~tactically~*~*~ (hiding).
  5167 | D:6      | 5167 ||| Stepping ~*~*~tactically~*~*~ (stealth).
  5218 | D:6      | Noticed Prince Ribbit
  5224 | D:6      | Killed Prince Ribbit
  5225 | D:6      | Reached skill level 12 in Axes
  5438 | D:6      | 5438 ||| UPGRADING to +0 pair of boots.
  5443 | D:6      | 5443 ||| READING scroll labelled WENAR HU YRO.
  5616 | D:7      | 5616 ||| Stepping ~*~*~tactically~*~*~ (hiding).
  5620 | D:7      | 5620 ||| Stepping ~*~*~tactically~*~*~ (hiding).
  5624 | D:7      | 5624 ||| FLEEEEING.
  5625 | D:7      | 5625 ||| Stepping ~*~*~tactically~*~*~ (hiding).
  5672 | D:7      | 5672 ||| Stepping ~*~*~tactically~*~*~ (stealth).
  5676 | D:7      | 5676 ||| Stepping ~*~*~tactically~*~*~ (stealth).
  5930 | D:7      | 5930 ||| Stepping ~*~*~tactically~*~*~ (stealth).
  5945 | D:7      | Found a sparkling altar of Nemelex Xobeh.
  5945 | D:7      | Found an iron altar of Okawaru.
  6038 | D:7      | Reached skill level 9 in Shields
  6043 | D:7      | 6043 ||| Stepping ~*~*~tactically~*~*~ (stealth).
  6222 | D:7      | 6222 ||| UPGRADING to +0 chain mail of willpower.
  6232 | D:7      | 6232 ||| DROPPING +0 chain mail.
  6233 | D:7      | 6233 ||| UPGRADING to +0 plate armour.
  6243 | D:7      | 6243 ||| DROPPING +0 chain mail of willpower.
  6244 | D:7      | 6244 ||| READING scroll labelled ROIGUC TIUJUIJ.
  6245 | D:7      | 6245 ||| READING 2 scrolls of identify.
  6245 | D:7      | 6245 ||| IDENTIFYING brown potion
  6246 | D:7      | 6246 ||| DROPPING potion of attraction.
  6247 | D:7      | 6247 ||| Stepping randomly (stuck).
  6249 | D:7      | 6249 ||| Stepping randomly (stuck).
  6250 | D:7      | 6250 ||| Stepping randomly (stuck).
  6251 | D:7      | 6251 ||| Stepping randomly (stuck).
  6253 | D:7      | 6253 ||| Stepping randomly (stuck).
  6272 | D:7      | 6272 ||| Stepping randomly (stuck).
  6273 | D:7      | 6273 ||| Stepping randomly (stuck).
  6274 | D:7      | 6274 ||| Stepping randomly (stuck).
  6278 | D:7      | 6278 ||| Stepping randomly (stuck).
  6279 | D:7      | 6279 ||| Stepping randomly (stuck).
  6280 | D:7      | 6280 ||| Stepping randomly (stuck).
  6281 | D:7      | 6281 ||| Stepping randomly (stuck).
  6282 | D:7      | 6282 ||| Stepping randomly (stuck).
  6283 | D:7      | 6283 ||| Stepping randomly (stuck).
  6284 | D:7      | 6284 ||| Stepping randomly (stuck).
  6296 | D:7      | Reached XP level 10. HP: 65/86 MP: 9/9
  6326 | D:7      | 6326 ||| Stepping ~*~*~tactically~*~*~ (stealth).
  6334 | D:7      | Reached skill level 6 in Armour
  6353 | D:7      | 6353 ||| UPGRADING to +0 pair of gloves of strength.
  6476 | D:8      | 6476 ||| READING scroll of enchant armour.
  6476 | D:8      | 6476 ||| ENCHANTING +0 pair of gloves of strength.
  6489 | D:8      | Reached skill level 13 in Axes
  6494 | D:8      | Found a staircase to the Lair.
  6645 | D:8      | 6645 ||| Stepping ~*~*~tactically~*~*~ (hiding).
  6657 | D:8      | 6657 ||| Stepping ~*~*~tactically~*~*~ (cloud).
  6769 | D:8      | 6769 ||| FLEEEEING.
  6770 | D:8      | 6770 ||| FLEEEEING.
  6771 | D:8      | 6771 ||| FLEEEEING.
  6772 | D:8      | 6772 ||| FLEEEEING.
  6777 | D:8      | 6777 ||| FLEEEEING.
  6778 | D:8      | 6778 ||| FLEEEEING.
  6783 | D:8      | 6783 ||| FLEEEEING.
  6784 | D:8      | 6784 ||| STAIRDANCE
  6818 | D:7      | 6818 ||| DROPPING +2 hat.
  6819 | D:7      | 6819 ||| READING 3 scrolls of identify.
  6819 | D:7      | 6819 ||| IDENTIFYING bubbling grey potion
  6820 | D:7      | 6820 ||| DROPPING potion of berserk rage.
  6873 | D:8      | 6873 ||| Stepping ~*~*~tactically~*~*~ (cloud).
  6881 | D:8      | 6881 ||| Stepping ~*~*~tactically~*~*~ (hiding).
  6928 | D:8      | 6928 ||| Stepping ~*~*~tactically~*~*~ (stealth).
  7105 | D:9      | Found a staircase to the Orcish Mines.
  7118 | D:9      | 7118 ||| Stepping ~*~*~tactically~*~*~ (cloud).
  7120 | D:9      | 7120 ||| Stepping ~*~*~tactically~*~*~ (cloud).
  7131 | D:9      | Found Restruah's Armour Boutique.
  7143 | D:9      | Noticed a two-headed ogre
  7145 | D:9      | 7145 ||| Stepping ~*~*~tactically~*~*~ (stealth).
  7146 | D:9      | 7146 ||| Stepping ~*~*~tactically~*~*~ (stealth).
  7146 | D:9      | Found a radiant altar of Vehumet.
  7149 | D:9      | 7149 ||| Stepping ~*~*~tactically~*~*~ (stealth).
  7152 | D:9      | Killed a two-headed ogre
  7153 | D:9      | Reached skill level 14 in Axes
  7153 | D:9      | 7153 ||| Stepping ~*~*~tactically~*~*~ (stealth).
  7166 | D:9      | 7166 ||| SHOPLISTING +2 fire dragon scales (1224 gold, have
                  | 507).
  7234 | D:9      | Found an ornate altar of the Wu Jian Council.
  7246 | D:9      | 7246 ||| DRINKING 3 potions of curing.
  7246 | D:9      | 7246 ||| (to cure confusion)
  7321 | D:9      | 7321 ||| Stepping ~*~*~tactically~*~*~ (stealth).
  7435 | D:9      | 7435 ||| Stepping ~*~*~tactically~*~*~ (hiding).
  7436 | D:9      | 7436 ||| Stepping ~*~*~tactically~*~*~ (hiding).
  7437 | D:9      | 7437 ||| Stepping ~*~*~tactically~*~*~ (hiding).
  7438 | D:9      | 7438 ||| Stepping ~*~*~tactically~*~*~ (hiding).
  7439 | D:9      | 7439 ||| Stepping ~*~*~tactically~*~*~ (hiding).
  7440 | D:9      | 7440 ||| Stepping ~*~*~tactically~*~*~ (hiding).
  7442 | D:9      | 7442 ||| Stepping ~*~*~tactically~*~*~ (hiding).
  7600 | D:9      | 7600 ||| READING 2 scrolls of identify.
  7600 | D:9      | 7600 ||| IDENTIFYING fizzy inky potion
  7601 | D:9      | 7601 ||| DROPPING potion of ambrosia.
  7614 | D:10     | Entered Level 10 of the Dungeon
  7626 | D:10     | Reached XP level 11. HP: 81/94 MP: 10/10
  7636 | D:10     | Reached skill level 3 in Throwing
  7749 | D:10     | 7749 ||| Stepping ~*~*~tactically~*~*~ (hiding).
  7876 | D:10     | 7876 ||| Stepping ~*~*~tactically~*~*~ (stealth).
  7878 | D:10     | 7878 ||| Stepping ~*~*~tactically~*~*~ (stealth).
  7889 | D:10     | 7889 ||| Stepping ~*~*~tactically~*~*~ (stealth).
  7890 | D:10     | 7890 ||| Stepping ~*~*~tactically~*~*~ (stealth).
  7893 | D:10     | 7893 ||| Stepping ~*~*~tactically~*~*~ (stealth).
  8067 | D:10     | Noticed a two-headed ogre
  8071 | D:10     | Paralysed by a floating eye for 3 turns
  8073 | D:10     | HP: 23/94 [two-headed ogre/+0 giant club (4)]
  8074 | D:10     | HP: 1/94 [two-headed ogre/+0 giant club (20)]
  8075 | D:10     | 8075 ||| READING scroll of teleportation.
  8076 | D:10     | 8076 ||| DRINKING 4 potions of heal wounds.
  8079 | D:10     | Killed a two-headed ogre
  8080 | D:10     | Reached skill level 15 in Axes
  8107 | D:10     | 8107 ||| FLEEEEING.
  8108 | D:10     | 8108 ||| FLEEEEING.
  8109 | D:10     | 8109 ||| FLEEEEING.
  8110 | D:10     | 8110 ||| FLEEEEING.
  8111 | D:10     | 8111 ||| FLEEEEING.
  8114 | D:10     | 8114 ||| FLEEEEING.
  8116 | D:10     | 8116 ||| FLEEEEING.
  8118 | D:10     | 8118 ||| FLEEEEING.
  8119 | D:10     | 8119 ||| FLEEEEING.
  8120 | D:10     | 8120 ||| FLEEEEING.
  8120 | D:10     | Paralysed by a floating eye for 2 turns
  8122 | D:10     | 8122 ||| FLEEEEING.
  8123 | D:10     | 8123 ||| FLEEEEING.
  8125 | D:10     | 8125 ||| STAIRDANCE
  8144 | D:10     | Noticed a two-headed ogre
  8151 | D:10     | Killed a two-headed ogre
  8154 | D:10     | Reached skill level 9 in Fighting
  8192 | D:10     | Paralysed by a floating eye for 4 turns
  8283 | D:10     | 8283 ||| Stepping ~*~*~tactically~*~*~ (stealth).
  8284 | D:10     | 8284 ||| Stepping ~*~*~tactically~*~*~ (stealth).
  8307 | D:10     | Noticed a two-headed ogre
  8308 | D:10     | 8308 ||| Stepping ~*~*~tactically~*~*~ (stealth).
  8318 | D:10     | Killed a two-headed ogre
  8431 | D:10     | Found a runed translucent gate.
  8434 | D:10     | Found a runed translucent gate.
  8435 | D:10     | Noticed an 11-headed hydra
  8436 | D:10     | Noticed Veunoc's ghost (journeyman TeWr)
  8437 | D:10     | Noticed a 12-headed hydra
  8439 | D:10     | Found a runed translucent gate.
  8497 | D:10     | 8497 ||| UPGRADING to ring of willpower.
  8699 | D:11     | Noticed a boulder beetle
  8719 | D:11     | Killed a boulder beetle
  8758 | D:11     | Noticed an eight-headed hydra
  8761 | D:11     | 8761 ||| SWAPPING to +0 flail.
  8769 | D:11     | HP: 17/97 [eight-headed hydra (11)]
  8770 | D:11     | 8770 ||| READING 2 scrolls of teleportation.
  8770 | D:11     | HP: 6/97 [eight-headed hydra (11)]
  8770 | D:11     | Slain by an eight-headed hydra

Levels and vault maps discovered:
D:1:      lordsloth_arrival_two_stooges, layout_basic, nicolae_eternal_life
D:2:      layout_rooms, uniq_terence
D:3:      corexii_shack_village, layout_basic, nicolae_uskayaw_dance_hall,
          uniq_ijyb, uniq_sigmund
D:4:      layout_loops_ring, portal_sewer_entry_d, uniq_blork_the_orc
D:5:      layout_rooms, minmay_temple_entry_glassed_door, serial_bayou_pond_e,
          nicolae_elevator_lobby_asterisk
D:6:      layout_rooms, uniq_eustachio, uniq_prince_ribbit1, uniq_duvessa,
          uniq_edmund
D:7:      minmay_clustersquares, layout_gridville, grunt_temple_overflow_open,
          st_stairs_6
D:8:      layout_loops_ring, due_lair_maze_entry_diamond,
          kennysheep_generic_room_15
D:9:      layout_big_octagon, overflow_temple_1_default,
          mainiacjoe_overflow_boulevard, orc_david_3
D:10:     layout_rooms, gammafunk_ghost_hydra_chop, minmay_misc_feat_enclosed,
          grunt_ministairs_12, onia_ninara_cookie
D:11:     layout_roguey [special_room_bee], uniq_erolcha

Skill      XL: |  1  2  3  4  5  6  7  8  9 10 11 |
---------------+----------------------------------+-----
Axes           | 3 4 5 6 7 9 11 12 14 15 | 15.7
Dodging        | 1 2 3 4 |  4.2
Shields        | 4 6 7 9 10 | 10.0
Fighting       | 4 5 6 7 8 9 |  9.2
Throwing       | 1 2 4 |  4.2
Armour         | 5 7 8 |  8.5

Action                   |  1- 3 |  4- 6 |  7- 9 | 10-12 || total
-------------------------+-------+-------+-------+-------++-------
Melee: War axe           |    60 |    96 |   211 |   271 ||   638
       Headbutt          |     8 |    17 |    37 |    69 ||   131
       Flail             |       |       |       |     8 ||     8
Throw: Boomerang         |    11 |    50 |    96 |    37 ||   194
       Javelin           |       |       |       |    25 ||    25
  Use: Scroll            |     2 |     3 |    12 |     5 ||    22
       Potion            |     1 |     2 |     4 |     2 ||     9
Armor: Scale mail        |    15 |       |       |       ||    15
       Chain mail        |     1 |    21 |    35 |       ||    57
       Plate armour      |       |       |     6 |   122 ||   128
Dodge: Dodged            |    18 |    16 |    26 |    62 ||   122
Block: Buckler           |     8 |       |       |       ||     8
       Kite shield       |    12 |    44 |   146 |   217 ||   419

Table legend:
 A = Non-vault XP
 B = Vault XP
 C = Vault XP percentage of total XP
 D = Non-vault monster count
 E = Vault monster count
 F = Vault count percentage of total count
                 A         B        C        D         E       F
            +---------+---------+-------+---------+---------+-------
      Total |    9565 |    9218 |  49.1 |     224 |      65 |  22.5
            +---------+---------+-------+---------+---------+-------
        D:1 |      38 |       0 |   0.0 |      26 |       0 |   0.0
        D:2 |      73 |      36 |  33.0 |      20 |       1 |   4.8
        D:3 |      78 |     272 |  77.7 |      19 |      11 |  36.7
        D:4 |     511 |     112 |  18.0 |      13 |       2 |  13.3
        D:5 |     835 |       0 |   0.0 |      40 |       0 |   0.0
        D:6 |    1138 |     833 |  42.3 |      25 |       5 |  16.7
        D:7 |     887 |    1308 |  59.6 |      20 |      13 |  39.4
        D:8 |     829 |    1374 |  62.4 |      13 |      12 |  48.0
        D:9 |    2356 |       9 |   0.4 |      30 |       3 |   9.1
       D:10 |    1953 |    5274 |  73.0 |      17 |      18 |  51.4
       D:11 |     867 |       0 |   0.0 |       1 |       0 |   0.0
            +---------+---------+-------+---------+---------+-------
